 Dungeon Crawl Stone Soup version 0.29-a0-337-g68df138881 (webtiles) character file.

Game seed: 10984860217702913934

2881 spaghetti the Jinx (level 9, -2/51 HPs)
             Began as an Octopode Conjurer on Apr 16, 2022.
             Was a High Priest of Okawaru.
             Slain by an orc priest
             ... wielding a +0 long sword of protection
              (9 damage)
             ... on level 7 of the Dungeon.
             The game lasted 00:15:58 (8781 turns).

spaghetti the Jinx (Octopode Conjurer)              Turns: 8781, Time: 00:15:59

Health: -2/51      AC:  7    Str:  8    XL:     9   Next: 76%
Magic:  5/16       EV: 15    Int: 25    God:    Okawaru [*****.]
Gold:   114        SH:  0    Dex: 10    Spells: 8/18 levels left

rFire   . . .      SeeInvis .   w - staff of conjuration {!a@e2staff}
rCold   . . .      Faith    +   (no shield)
rNeg    . . .      Spirit   .   (helmet restricted)
rPois   +          Reflect  .   n - amulet of faith {!P}
rElec   .          Harm     .   i - ring of willpower
rCorr   .          Rampage  .   q - +4 ring of protection
Will    +....                   m - ring of poison resistance
Stlth   ++++......              (no ring)
HPRegen 0.17/turn               (no ring)
MPRegen 0.15/turn               (no ring)
                                (no ring)
                                (no ring)

@: heroic
A: almost no armour, amphibious, 8 rings, camouflage 1, gelatinous body 1,
(nimble swimmer 1), tentacles, iridescent scales 1, strong 1, wild magic 1
a: Renounce Religion, Heroism, Finesse, Duel


You were on level 7 of the Dungeon.
You worshipped Okawaru.
Okawaru was extremely pleased with you.
You visited 2 branches of the dungeon, and saw 9 of its levels.

You collected 210 gold pieces.
You spent 96 gold pieces at shops.


Innate Abilities, Weirdness & Mutations

You cannot wear most types of armour.
You are amphibious.
You can wear up to eight rings at the same time.
Your skin changes colour to match your surroundings (Stealth+).
Your rubbery body absorbs attacks. (AC +1, EV +1)
((You are camouflaged when in or above water. (Stealth+)))
You have tentacles for arms and can constrict up to eight enemies at once.
You are partially covered in iridescent scales. (AC +2)
Your muscles are strong. (Str +2)
Your spells are a little harder to cast, but a little more powerful.


   Skills:
 - Level 2.0(7.0) Dodging
 - Level 2.6(7.6) Stealth
 - Level 5.0 Spellcasting
 + Level 9.1 Conjurations
 + Level 9.1 Hexes


You had 8 spell levels left.
You knew the following spells:

 Your Spells              Type           Power      Damage    Failure   Level
a - Magic Dart            Conj           100%       1d8       1%          1
b - Searing Ray           Conj           100%       2d8       1%          2
c - Mephitic Cloud        Conj/Pois/Air  41%        N/A       11%         3
d - Fulminant Prism       Conj/Hex       39%        3d18      3%          4

Your spell library contained the following spells:

 Spells                   Type           Power      Damage    Failure   Level
 Dazzling Flash           Conj/Hex       100%       N/A       1%          3
 Cause Fear               Hex            30%        N/A       3%          4
 Inner Flame              Hex/Fire       37%        N/A       6%          3
 Anguish                  Hex/Necr       18%        N/A       19%         4
 Iskenderun's Mystic Bla  Conj/Tloc      54%        2d12      19%         4
 Enfeeble                 Hex            30%        N/A       90%         7
 Discord                  Hex            30%        N/A       100%        8
 Tukima's Dance           Hex            Unusable   N/A       N/A         3
 Call Imp                 Summ           Unusable   N/A       N/A         2

Inventory:

Hand Weapons
 c - a +0 dagger {short}
   (You took it off a goblin on level 1 of the Dungeon)
 d - a +0 club {mace}
   (You found it on level 1 of the Dungeon)
 f - a +0 dagger {short}
   (You took it off a kobold on level 1 of the Dungeon)
 g - a +0 short sword {short}
   (You took it off a kobold on level 1 of the Dungeon)
 k - a +2 dagger of draining {short}
   (You took it off a goblin on level 3 of the Dungeon)
 o - a +2 dagger of venom {short}
   (You took it off a goblin on level 2 of the Dungeon)
 v - a +1 scythe of distortion {!wpolearm}
   (You took it off Sigmund on level 4 of the Dungeon)
 B - the +4 spear of Imminent Death {holy, rN+, polearm}
   (You found it on level 4 of the Dungeon)

   It has been blessed by the Shining One to cause great damage to the undead
   and demons.
   rN:        It protects you from negative energy.
 G - a +4 battleaxe {axe}
   (You took it off a wight on level 6 of the Dungeon)
 H - a +5 dagger {short}
   (You took it off a wight on level 6 of the Dungeon)
 J - a +2 spear {polearm}
   (You took it off a wight on level 6 of the Dungeon)
 L - a +3 spear of venom {polearm}
   (You took it off a gnoll on level 7 of the Dungeon)
Missiles
 e - 214 stones {throwing}
 t - 4 poisoned darts {throwing}
 F - 2 boomerangs {throwing}
Magical Staves
 h - a staff of fire {!astaff}
   (You found it on level 1 of the Dungeon)
 w - a staff of conjuration (weapon) {!a@e2staff}
   (You found it on level 3 of the Dungeon)
Jewellery
 b - a ring of ice
   (You found it on level 4 of the Dungeon)
 i - a ring of willpower (left tentacle)
   (You found it on level 1 of the Dungeon)
 m - a ring of poison resistance (on tentacle)
   (You found it on level 3 of the Dungeon)
 n - an amulet of faith (around mantle) {!P}
   (You found it on level 2 of the Dungeon)
 q - a +4 ring of protection (right tentacle)
   (You found it on level 2 of the Dungeon)
Wands
 s - a wand of polymorph (14)
   (You found it on level 2 of the Dungeon)
 u - a wand of charming (6)
   (You found it on level 3 of the Dungeon)
 z - a wand of flame (50)
   (You took it off Ijyb on level 4 of the Dungeon)
 K - a wand of paralysis (12)
   (You found it on level 7 of the Dungeon)
Scrolls
 j - 3 scrolls of identify {@r1}
 l - a scroll of enchant weapon
 p - 2 scrolls of amnesia
 x - 2 scrolls of teleportation {@r4}
 y - 2 scrolls of summoning {unknown}
 C - a scroll of enchant armour {unknown}
 D - a scroll of fear {unknown}
 I - a scroll of noise {unknown}
Potions
 a - a potion of magic
 r - 2 potions of curing {@q1}
 A - a potion of flight {unknown}
 E - 2 potions of mutation {!q}

Dungeon Overview and Level Annotations

Branches:
Dungeon (8/15)             Temple (1/1) D:4
   Lair: D:8-11

Altars:
Ashenzari
Dithmenos
Gozag
Kikubaaqudgha
Okawaru
Trog
Vehumet
Xom

Shops:
D:5 !

Annotations:
D:6 Wand of acid!

#..##........
##.##.....o.. .#
#..#........ .#
##.#........
.##########.#........
................o....
..............#####
.........>....######
.............>)o@..#
............#.####.#.
.############......'.
.# ..........##.#...
.# ...........# ...
.# ......)....# .. .#
...........# . .#
...........# .#
........†..#


You could see an orc priest.


Message History

😕 MP[-1]
You lost 1 mp, and now have 3/16 mp.
You start resting. 😎 HP[+7] MP[+6]
Your hp is fully restored (51).
You regained 6 mp, and now have 9/16 mp.
You start resting. 😎 MP[+7]
Your mp is fully restored (16).
You can't go down here!
You climb upwards.
The orc warrior hits you with a +0 hand axe.
The orc hits you but does no damage.
There is a stone staircase leading down here. 😕 HP[-6]
You take 6 damage, and now have 45/51 hp.
The orc attacks as you move away! The orc closely misses you.
The orc warrior closely misses you. 😕 HP[+1]
The orc attacks as you move away! The orc misses you.
The orc warrior attacks as you move away!
The orc warrior misses you.
The orc warrior attacks as you move away!
The orc warrior closely misses you.
Casting: Searing Ray (safe; 1% risk of failure)
Confirm with . or Enter, or press ? or * to list all spells.
Aiming: Searing Ray (safe; 1% risk of failure)
Press: ? - help, Shift-Dir - straight line, f - orc warrior
Aim: an orc warrior, wielding a +0 hand axe and wearing a +0 plate armour (83% to hit)
You feel a surge of power!
The searing ray hits the orc warrior!
The searing ray hits the orc!
You kill the orc!
Okawaru accepts your kill. (Press . to maintain the ray.)
The orc warrior hits you with a +0 hand axe! 😮 HP[-8] MP[-2]
You take 8 damage, and now have 38/51 hp.
You lost 2 mp, and now have 14/16 mp.
The searing ray hits the orc warrior.
The orc warrior hits you with a +0 hand axe! 😮 HP[-7] MP[-1]
You take 7 damage, and now have 31/51 hp.
You lost 1 mp, and now have 13/16 mp.
The searing ray hits the orc warrior.
The orc warrior misses you. 😮 MP[-1]
You lost 1 mp, and now have 12/16 mp.
The searing ray hits the orc warrior.
You finish channelling your searing ray.
The orc warrior hits you but does no damage. 😮 HP[+1] MP[-1]
You lost 1 mp, and now have 11/16 mp.
Casting: Searing Ray (safe; 1% risk of failure)
Confirm with . or Enter, or press ? or * to list all spells.
Aiming: Searing Ray (safe; 1% risk of failure)
Press: ? - help, Shift-Dir - straight line, f/p - orc warrior
Aim: an orc warrior, wielding a +0 hand axe and wearing a +0 plate armour (heavily wounded, 83% to hit)
You feel a surge of power!
The searing ray hits the orc warrior!
The searing ray misses the orc priest. (Press . to maintain the ray.)
The orc warrior misses you. 😮 MP[-2]
You lost 2 mp, and now have 9/16 mp.
The searing ray hits the orc warrior.
The searing ray hits the orc priest.
The orc warrior hits you with a +0 hand axe!
* * * LOW HITPOINT WARNING * * *
😨 HP[-7] MP[-1]
You take 7 damage, and now have 25/51 hp.
You lost 1 mp, and now have 8/16 mp.
The searing ray hits the orc warrior.
You kill the orc warrior!
Okawaru accepts your kill.
The searing ray hits the orc priest but does no damage.
The orc priest calls down the wrath of Beogh upon you.
Beogh smites you!
* * * LOW HITPOINT WARNING * * *
You hear a shout! 😱 HP[-16]
You take 16 damage, and now have 9/51 hp.
MASSIVE DAMAGE!! (PAUSE)
The searing ray hits the orc priest but does no damage.
You finish channelling your searing ray.
You hear a shout! 😱 MP[-1]
You lost 1 mp, and now have 7/16 mp.
Okay, then.
Okay, then.
Okay, then.
You fail to use your ability.
The orc priest closely misses you.
You gain the combat prowess of a mighty hero.
The orc priest hits you with a +0 long sword of protection.
* * * LOW HITPOINT WARNING * * *
😱 HP[-2] MP[-2]
You take 2 damage, and now have 7/51 hp.
You lost 2 mp, and now have 5/16 mp.
You hit the orc priest but do no damage.
You grab the orc priest.
You constrict the orc priest, but do no damage.
The orc priest hits you with a +0 long sword of protection!
You die...

Skill      XL: |  1  2  3  4  5  6  7  8  9 |
---------------+----------------------------+-----
Conjurations   | 5 6 7 9 |  9.1
Spellcasting   | 4 5 |  5.0
Hexes          | 4 7 9 |  9.1
Dodging        | |  2.0
Stealth        | |  2.6

Action                   |  1- 3 |  4- 6 |  7- 9 || total
-------------------------+-------+-------+-------++-------
Melee: Unarmed           |     3 |       |       ||     3
       Tentacles         |     2 |       |     4 ||     6
       Staff             |     1 |       |    11 ||    12
       Constrict         |     1 |       |     3 ||     4
 Cast: Magic Dart        |    55 |    70 |   127 ||   252
       Searing Ray       |       |    11 |    41 ||    52
Invok: Heroism           |       |       |     3 ||     3
  Use: Potion            |       |     5 |       ||     5
       Scroll            |       |     3 |     4 ||     7
Armor: Skin              |     2 |    12 |    15 ||    29
Dodge: Dodged            |     3 |    19 |    42 ||    64

Levels and vault maps discovered:
D:1:      shiori_shiawase, layout_loops_corners,
          hellmonk_ecumenical_altar_run_dry
D:2:      layout_basic
D:3:      layout_loops_corners, nicolae_overflow_hallway_of_the_gods
D:4:      layout_gridville, minmay_temple_entry_overgrown, hangedman_decor_push,
          hangedman_minor_gate_pass, uniq_ijyb, uniq_natasha,
          uniq_blork_the_orc, uniq_sigmund
D:5:      layout_rooms, serial_shops, nicolae_shop_hallway_stairs,
          uniq_prince_ribbit1
D:6:      layout_rooms, kennysheep_little_box, evilmike_ruin_ashenzari,
          chequers_serial_rivers_micro_d
D:7:      layout_basic, elyvilon_altar_5
D:8:      layout_cave_pods, fountainhead
Temple:   jpeg_temple_clearing

Notes
Turn   | Place    | Note
-------+----------+-------------------------------------------
     0 | D:1      | spaghetti the Octopode Conjurer began the quest for the
                  | Orb.
     0 | D:1      | Reached XP level 1. HP: 11/11 MP: 3/3
     0 | D:1      | magus.rc [v1.9.6]
   367 | D:1      | Reached XP level 2. HP: 17/17 MP: 0/5
   648 | D:1      | Found a faded altar of an unknown god.
   880 | D:1      | Prayed at the altar of an unknown god.
   880 | D:1      | Became a worshipper of Warmaster Okawaru
   880 | D:1      | Reached * piety under Okawaru
  1473 | D:2      | Reached skill level 5 in Conjurations
  1473 | D:2      | Reached XP level 3. HP: 21/21 MP: 2/6
  1476 | D:2      | Learned a level 2 spell: Searing Ray
  2113 | D:3      | Reached XP level 4. HP: 27/27 MP: 5/7
  2365 | D:4      | Noticed a scorpion
  2367 | D:4      | Gained mutation: Your spells are a little harder to cast,
                  | but a little more powerful. [potion of mutation]
  2367 | D:4      | Gained mutation: Your muscles are strong. (Str +2) [potion
                  | of mutation]
  2367 | D:4      | Gained mutation: You are partially covered in iridescent
                  | scales. (AC +2) [potion of mutation]
  2370 | D:4      | Found a staircase to the Ecumenical Temple.
  2380 | Temple   | Entered the Ecumenical Temple
  2449 | Temple   | Killed a scorpion
  2450 | Temple   | Reached skill level 6 in Conjurations
  2450 | Temple   | Reached XP level 5. HP: 14/31 MP: 2/8
  2624 | D:4      | Reached ** piety under Okawaru
  2817 | D:4      | Noticed Natasha
  2821 | D:4      | Killed Natasha
  2877 | D:3      | Reached skill level 7 in Conjurations
  2940 | D:3      | You pick up a book of Minor Magic and begin reading...
  2956 | D:3      | Learned a level 3 spell: Mephitic Cloud
  3190 | D:3      | Reached XP level 6. HP: 36/36 MP: 7/9
  3218 | D:3      | Found a shimmering altar of Xom.
  3220 | D:3      | Found an opulent altar of Gozag.
  3227 | D:3      | Found a radiant altar of Vehumet.
  3230 | D:3      | Found a shadowy altar of Dithmenos.
  3230 | D:3      | Found a bloodstained altar of Trog.
  3236 | D:3      | Found an ancient bone altar of Kikubaaqudgha.
  3240 | D:3      | Found an iron altar of Okawaru.
  4096 | D:4      | Reached skill level 3 in Spellcasting
  4206 | D:4      | Noticed Ijyb
  4214 | D:4      | Killed Ijyb
  4236 | D:4      | Noticed Natasha
  4263 | D:4      | Killed Natasha
  4882 | D:4      | Reached skill level 4 in Spellcasting
  5034 | D:4      | Noticed Blork the orc
  5042 | D:4      | Killed Blork the orc
  5043 | D:4      | Reached XP level 7. HP: 39/41 MP: 4/13
  5252 | D:4      | Identified the +4 spear of Imminent Death {holy, rN+}
  5556 | D:4      | Noticed Sigmund
  5592 | D:5      | Entered Level 5 of the Dungeon
  5629 | D:5      | Reached *** piety under Okawaru
  5630 | D:5      | Reached skill level 5 in Spellcasting
  5630 | D:5      | Reached skill level 1 in Hexes
  5705 | D:5      | You pick up a book of Maledictions and begin reading...
  5705 | D:5      | You add the spells Anguish and Enfeeble to your library.
  5733 | D:5      | Noticed a yak
  5735 | D:5      | Noticed a yak
  5743 | D:5      | Killed a yak
  5744 | D:5      | Reached skill level 3 in Hexes
  5744 | D:5      | Noticed a yak
  5745 | D:5      | Noticed a yak
  5746 | D:5      | Noticed a yak
  5747 | D:5      | Noticed a yak
  5756 | D:4      | Killed a yak
  5757 | D:4      | Reached skill level 4 in Hexes
  5757 | D:4      | Reached XP level 8. HP: 41/46 MP: 0/15
  5914 | D:4      | Killed Sigmund
  5915 | D:4      | Reached skill level 5 in Hexes
  6142 | D:4      | Noticed Natasha
  6147 | D:4      | Killed Natasha
  6243 | D:5      | Reached skill level 6 in Hexes
  6345 | D:5      | Killed a yak
  6345 | D:5      | Reached **** piety under Okawaru
  6555 | D:5      | Noticed Prince Ribbit
  6560 | D:5      | Killed Prince Ribbit
  6561 | D:5      | Reached skill level 7 in Hexes
  6566 | D:5      | Learned a level 4 spell: Fulminant Prism
  6789 | D:5      | Killed a yak
  6790 | D:5      | Reached XP level 9. HP: 51/51 MP: 7/16
  6938 | D:5      | Reached skill level 8 in Conjurations
  6938 | D:5      | Reached skill level 8 in Hexes
  7306 | D:5      | Found Pegraesm's Distillery.
  7314 | D:5      | Bought a potion of mutation for 96 gold pieces
  7427 | D:6      | You pick up a book of Conjurations {@e2} and begin
                  | reading...
  7514 | D:6      | Reached ***** piety under Okawaru
  7558 | D:6      | Found a broken altar of Ashenzari.
  8194 | D:7      | You pick up a book of Hexes and begin reading...
  8194 | D:7      | You add the spells Inner Flame, Cause Fear and Discord to
                  | your library.
  8679 | D:8      | Reached skill level 9 in Conjurations
  8679 | D:8      | Reached skill level 9 in Hexes
  8777 | D:7      | HP: 9/51 [orc priest/divine providence (16)]
  8781 | D:7      | Slain by an orc priest

Vanquished Creatures
  Prince Ribbit (D:5)
  Sigmund (D:4)
  6 yaks
  An orc warrior (D:7)
  2 ogres
  A centaur (D:4)
  A phantom (D:5)
  A bullfrog (D:7)
  Blork the orc (D:4)
  4 scorpions
  3 wights (D:6)
  A howler monkey (D:5)
  4 orc priests
  4 hounds
  A gnoll shaman (D:7)
  Ijyb (D:4)
  An iguana (D:6)
  Natasha (thrice) (D:4)
  3 orc wizards
  5 gnolls (D:7)
  8 adders
  A white imp (D:5)
  2 worms
  2 dart slugs
  21 orcs
  8 endoplasms
  2 giant cockroaches
  5 goblins
  4 hobgoblins (D:1)
  2 jackals (D:2)
  5 kobolds
  A quokka (D:5)
  3 ball pythons
  A bat (D:1)
  4 frilled lizards
  7 rats
121 creatures vanquished.

Table legend:
 A = Non-vault XP
 B = Vault XP
 C = Vault XP percentage of total XP
 D = Non-vault monster count
 E = Vault monster count
 F = Vault count percentage of total count
                 A         B        C        D         E       F
            +---------+---------+-------+---------+---------+-------
      Total |    3344 |     772 |  18.8 |     114 |       7 |   5.8
            +---------+---------+-------+---------+---------+-------
        D:1 |      28 |       0 |   0.0 |      16 |       0 |   0.0
        D:2 |      53 |       0 |   0.0 |      11 |       0 |   0.0
        D:3 |      35 |       0 |   0.0 |      14 |       0 |   0.0
        D:4 |     737 |     508 |  40.8 |      27 |       6 |  18.2
        D:5 |    1381 |     264 |  16.0 |      15 |       1 |   6.2
        D:6 |     548 |       0 |   0.0 |      12 |       0 |   0.0
        D:7 |     432 |       0 |   0.0 |      14 |       0 |   0.0
        D:8 |      41 |       0 |   0.0 |       3 |       0 |   0.0
     Temple |      89 |       0 |   0.0 |       2 |       0 |   0.0
            +---------+---------+-------+---------+---------+-------

Illustrated notes

Table legend:
 A = Kills in this place as a percentage of kills in entire the game.
 B = Kills by you in this place as a percentage of kills by you in the entire game.
 C = Kills by friends in this place as a percentage of kills by friends in the entire game.
 D = Other kills in this place as a percentage of other kills in the entire game.
 E = Experience gained in this place as a percentage of experience gained in the entire game.
 F = Experience gained in this place divided by the number of levels of this place that you have seen.
                   A       B       C       D       E      F
               +-------+-------+-------+-------+-------+----------------------
         Total | 100.0 | 100.0 |   N/A |   N/A | 100.0 | 457.3
       Dungeon |  98.3 |  98.3 |   N/A |   N/A |  97.8 | 503.4
        Temple |   1.7 |   1.7 |   N/A |   N/A |   2.2 |  89.0
               +-------+-------+-------+-------+-------+----------------------

Table legend: (Time is in decaauts)
 A = Elapsed time spent in this place.
 B = Non-inter-level travel time spent in this place.
 C = Inter-level travel time spent in this place.
 D = Time resting spent in this place.
 E = Time spent auto-exploring this place.
 F = Levels seen in this place.
 G = Mean time per level.
                   A        B        C        D        E       F      G
               +--------+--------+--------+--------+--------+-----+--------+
         Total |   8794 |   8325 |    469 |   2874 |   4561 |   9 |  977.1 |
       Dungeon |   8557 |   8088 |    469 |   2652 |   4561 |   8 | 1069.6 |
        Temple |    236 |    236 |      0 |    222 |      0 |   1 |  236.0 |
               +--------+--------+--------+--------+--------+-----+--------+

Top non-repeatable levels by time:
     D:4: 2770 daAuts
     D:3: 1408 daAuts
     D:1: 1264 daAuts
     D:5: 933 daAuts
     D:2: 822 daAuts
     D:6: 726 daAuts
     D:7: 539 daAuts
  Temple: 236 daAuts
     D:8: 92 daAuts
